 Dungeon Sprint DCSS version 0.21.1-1-g345015f (webtiles) character file.

55512 equalderp2856 the Executioner (level 14, -2/151 HPs)
             Began as a Minotaur Fighter on May 17, 2018.
             Slain by a stone giant (22 damage)
             ... in the Dungeon (Sprint IX: "|||||||||||||||||||||||||||||").
             The game lasted 00:17:46 (9008 turns).

equalderp2856 the Executioner (Minotaur Fighter)    Turns: 9008, Time: 00:17:46

Health: -2/151     AC: 31    Str: 23    XL:     14   Next: 38%
Magic:  16/16      EV: 12    Int: 10    God:
Gold:   1900       SH: 16    Dex: 11    Spells: 13/13 levels left

rFire    + . .     SeeInvis .   D - +3 broad axe
rCold    + . .     Gourm    .   c - +0 shield
rNeg     . . .     Faith    .   F - +4 chain mail {rF+}
rPois    .         Spirit   .   j - +1 hat {Int+3}
rElec    .         Reflect  .   H - +1 cloak
rCorr    .         Harm     .   K - +1 pair of gloves
MR       +....     NoTele   +   G - +1 pair of boots
Stlth    ..........             (no amulet)
HPRegen  0.35/turn              p - +2 ring of protection
MPRegen  0.15/turn              B - ring of protection from cold

@: no status effects
A: retaliatory headbutt, horns 2
a: no special abilities


You were in the Dungeon.
You were hungry.

You visited 1 branch You collected 1900 gold pieces.

Inventory:

Hand Weapons
 a - a +0 war axe
 b - a +2 executioner's axe of chopping
 r - a +3 demon trident of electrocution
 t - a +3 war axe of freezing
 z - the +7 captain's cutlass {speed, disarm}
   (You found it in the Dungeon)

   Attacks with this weapon are significantly faster.
 C - a +0 broad axe
 D - a +3 broad axe (weapon)
 E - a +0 executioner's axe
Armour
 c - a +0 shield (worn)
 j - a +1 hat of intelligence (worn)
 F - a +4 chain mail of fire resistance (worn)
 G - a +1 pair of boots (worn)
 H - a +1 cloak (worn)
 K - a +1 pair of gloves (worn)
Jewellery
 g - an uncursed ring of protection from fire
 h - an uncursed ring of protection from magic
 o - an uncursed ring of protection from magic
 p - a +2 ring of protection (left hand)
 q - a +3 ring of intelligence
 B - a ring of protection from cold (right hand)
Scrolls
 k - 3 scrolls of blinking
 m - 3 scrolls of remove curse
 n - 2 scrolls of amnesia
 w - a scroll of identify
 x - 3 scrolls of fear
 y - 7 scrolls of enchant armour
 J - 2 scrolls of enchant weapon
Potions
 d - a potion of might
 e - 3 potions of curing
 i - 4 potions of magic
 l - 3 potions of heal wounds
 v - a potion of agility
 I - a potion of berserk rage
Comestibles
 f - 9 rations


   Skills:
 + Level 21.4 Fighting
 + Level 24.1 Axes
 + Level 20.7 Armour
 + Level 7.7 Dodging
 + Level 3.7 Stealth
 + Level 21.8 Shields
   Level 4.7 Evocations


You had 13 spell levels left.
You didn't know any spells.

Dungeon Overview and Level Annotations

Branches:
Dungeon (1/1)

Altars:
Cheibriados
Dithmenos
Elyvilon
Fedhas
Gozag
Hepliaklqana
Kikubaaqudgha
Makhleb
Nemelex Xobeh
Okawaru
Qazlal
Ru
Sif Muna
Trog
Uskayaw
Vehumet
Wu Jian
Xom
Yredelemnul
Zin
The Shining One
Beogh
Jiyva
Lugonu

Shops:
D ?}[(


Innate Abilities, Weirdness & Mutations

You reflexively headbutt those who attack you in melee.
You have a pair of horns on your head.


Message History

You hit the stone giant.
The stone giant is heavily wounded.
The stone giant barely misses you.
You hit the stone giant.
The stone giant is heavily wounded.
You slash the stone giant!
The stone giant is severely wounded.
The stone giant hits you!
* * * LOW HITPOINT WARNING * * *
You hit the stone giant but do no damage.
You headbutt the stone giant!
The stone giant is almost dead.
The stone giant hits you.
* * * LOW HITPOINT WARNING * * *
You hit the stone giant but do no damage.
Your headbutt misses the stone giant.
The stone giant is almost dead.
You are no longer corroded.
The stone giant hits you!!
You die...

,*,*,*,*,*,*,*,▓.▓.▓.▓.▓.▓.▓.▓.▓.
,*,*,*,*,*,*,*,▓.▓.▓.▓.▓.▓.▓.▓.▓'
,*,*,*,*,*,*,*,▓.▓.▓.▓[▓[▓.▓)▓.▓.
,*,*,*,*,*,*,*,▓.▓.▓.▓.▓.▓.▓.▓.▓.
,*,*,*,*,*,*,*,▓.▓.▓.▓.▓[▓.▓.▓.▓.
,*,*,*,*,*,*,*,▓.▓.▓.▓.▓.▓)▓'▓.▓.
,*,*,*,*,*,*,*,▓D▓.▓.▓.▓[▓.▓.▓.▓.
,*,*,*,*,*,*,*,▓C▓.▓'▓.▓.▓.▓.▓)▓.
,*,*,*,*,*,*,*,▓@▓.▓.▓.▓[▓.▓)▓.▓.
,*,*,*,*,*,*,*,▓.▓.▓.▓)▓.▓.▓.▓.▓.
,*,*,*,*,*,*,*,▓.▓.▓.▓.▓)▓.▓.▓.▓.
,*,*,*,*+*,*,*,▓.▓.▓.▓.▓.▓.▓)▓)▓'
,*,*,*,*,*,*,*,▓.▓)▓.▓.▓.▓.▓)▓.▓.
,*,*,*,*,*,*,*,▓.▓.▓.▓(▓)▓.▓.▓.▓.
,*,*,*,*,*,*,*,▓)▓.▓.▓(▓)▓.▓(▓.▓.
,*,*,*,*,*,*,*,▓'▓)▓.▓.▓)▓.▓.▓.▓.
,*,*,*,*,*,*,*,▓.▓.▓.▓.▓)▓.▓.▓.▓.


You could see an ice dragon and a stone giant.

Vanquished Creatures
  A lich (D)
  Rupert (D)
  A sphinx (D)
  A thorn hunter (D)
  Gastronok (D)
  A frost giant (D)
  A stone giant (D)
  A spriggan defender (D)
  An entropy weaver (D)
  A very ugly thing (D)
  A spark wasp (D)
  2 dire elephants (D)
  An ettin (D)
  A merfolk impaler (D)
  A great orb of eyes (D)
  2 rakshasas (D)
  3 ogre magi (D)
  2 ice dragons (D)
  Harold (D)
  2 centaur warriors (D)
  A ghost crab (D)
  An anaconda (D)
  A two-headed ogre (D)
  An alligator (D)
  A deep troll shaman (D)
  2 naga sharpshooters (D)
  2 orc high priests (D)
  2 tengu warriors (D)
  6 deep trolls (D)
  Nergalle (D)
  A shambling mangrove (D)
  A sea snake (D)
  2 naga ritualists (D)
  2 orc knights (D)
  An orb spider (shapeshifter) (D)
  A wizard (D)
  An orb spider (D)
  2 ugly things (D)
  A shining eye (shapeshifter) (D)
  A salamander (D)
  2 cyclopes (D)
  2 black mambas (D)
  7 elephants (D)
  A merfolk siren (D)
  2 naga magi (D)
  A water nymph (D)
  4 spiny frogs (D)
  A rime drake (D)
  A demonic crawler (D)
  8 trolls (D)
  A wind drake (D)
  2 jumping spiders (D)
  2 merfolk (D)
  2 hornets (D)
  2 slime creatures (D)
  A blink frog (D)
  A bog body (D)
  2 redbacks (D)
  2 yaks (D)
  A water elemental (D)
  A tarantella (D)
  A spriggan (D)
  A wyvern (D)
  Eustachio (D)
  4 vampire mosquitoes (D)
  A porcupine (D)
  4 water moccasins (D)
  An ice beast (D)
  10 orc warriors (D)
  A boggart (D)
  A centaur (D)
  5 bullfrogs (D)
  3 orc priests (D)
  6 orc wizards (D)
  An iguana (D)
  A worker ant (D)
  2 adders (D)
  An ooze (D)
  An adder skeleton (D)
  A worm (D)
  2 leopard geckos (D)
  4 orcs (D)
  A giant cockroach (D)
  2 goblins (D)
  A rat (D)
  A briar patch (D)
160 creatures vanquished.

Notes
Turn   | Place    | Note
-------+----------+-------------------------------------------
     0 | D        | equalderp2856 the Minotaur Fighter began the quest for the Orb.
     0 | D        | Reached XP level 1. HP: 19/19 MP: 0/0
    19 | D        | Reached skill level 3 in Axes
    20 | D        | Reached skill level 5 in Shields
    27 | D        | Noticed a centaur
    28 | D        | Reached XP level 2. HP: 27/27 MP: 1/1
    38 | D        | Killed a centaur
    38 | D        | Reached skill level 5 in Fighting
    38 | D        | Reached skill level 4 in Axes
    38 | D        | Reached XP level 3. HP: 37/37 MP: 2/2
    38 | D        | Reached XP level 4. HP: 44/44 MP: 3/3
    45 | D        | Reached skill level 5 in Axes
    51 | D        | Found a roughly hewn altar of Beogh.
    51 | D        | Found a snail-covered altar of Cheibriados.
    51 | D        | Found a shadowy altar of Dithmenos.
    51 | D        | Found a white marble altar of Elyvilon.
    51 | D        | Found a blossoming altar of Fedhas.
    51 | D        | Found an opulent altar of Gozag.
    52 | D        | Found a hazy altar of Hepliaklqana.
    53 | D        | Found a viscous altar of Jiyva.
    54 | D        | Found an ancient bone altar of Kikubaaqudgha.
    55 | D        | Found a corrupted altar of Lugonu.
    56 | D        | Found a burning altar of Makhleb.
    57 | D        | Found a sparkling altar of Nemelex Xobeh.
    58 | D        | Found an iron altar of Okawaru.
    59 | D        | Found a stormy altar of Qazlal.
    60 | D        | Found a sacrificial altar of Ru.
    61 | D        | Found a deep blue altar of Sif Muna.
    62 | D        | Found a bloodstained altar of Trog.
    63 | D        | Found a hide-covered altar of Uskayaw.
    64 | D        | Found a radiant altar of Vehumet.
    65 | D        | Found an ornate altar of the Wu Jian Council.
    66 | D        | Found a shimmering altar of Xom.
    67 | D        | Found a basalt altar of Yredelemnul.
    68 | D        | Found a glowing silver altar of Zin.
    69 | D        | Found a glowing golden altar of the Shining One.
   150 | D        | Noticed a bullfrog
   150 | D        | Noticed a yak
   150 | D        | Noticed a yak
   156 | D        | Killed a yak
   156 | D        | Reached skill level 6 in Axes
   156 | D        | Reached XP level 5. HP: 18/53 MP: 4/4
   159 | D        | Reached XP level 6. HP: 21/61 MP: 5/5
   368 | D        | Killed a yak
   368 | D        | Reached skill level 8 in Axes
   368 | D        | Reached skill level 1 in Dodging
   368 | D        | Reached skill level 10 in Shields
   439 | D        | Reached skill level 9 in Axes
   439 | D        | Reached skill level 10 in Armour
   439 | D        | Reached XP level 7. HP: 66/70 MP: 6/6
   475 | D        | Noticed a troll
   475 | D        | Noticed a purple ugly thing
   475 | D        | Noticed a cyclops
   475 | D        | Noticed a two-headed ogre
   475 | D        | Noticed a troll
   480 | D        | Killed a troll
   480 | D        | Reached skill level 10 in Axes
   484 | D        | Killed a two-headed ogre
   484 | D        | Reached skill level 10 in Fighting
   484 | D        | Reached skill level 12 in Axes
   484 | D        | Reached XP level 8. HP: 37/80 MP: 7/7
   497 | D        | Killed a cyclops
   497 | D        | Reached skill level 1 in Evocations
   497 | D        | Killed a purple ugly thing
   497 | D        | Reached skill level 13 in Axes
   497 | D        | Reached XP level 9. HP: 38/89 MP: 7/9
   556 | D        | Killed a troll
   788 | D        | Found the +7 captain's cutlass {speed, disarm}
   838 | D        | Noticed a rime drake
   838 | D        | Noticed a spiny frog
   838 | D        | Noticed a spiny frog
   840 | D        | Noticed a spiny frog
   840 | D        | Reached skill level 14 in Axes
   843 | D        | Killed a spiny frog
   847 | D        | Killed a spiny frog
   859 | D        | Killed a rime drake
   859 | D        | Reached skill level 15 in Axes
   862 | D        | Killed a spiny frog
   870 | D        | Reached XP level 10. HP: 78/97 MP: 11/11
   948 | D        | Noticed a spiny frog
   951 | D        | Noticed an elephant
   964 | D        | Noticed a black mamba
   965 | D        | Reached skill level 16 in Axes
   971 | D        | Killed a spiny frog
   981 | D        | Killed an elephant
   987 | D        | Killed a black mamba
  1131 | D        | Noticed an elephant
  1131 | D        | Noticed a dire elephant
  1131 | D        | Noticed an elephant
  1131 | D        | Noticed a dire elephant
  1131 | D        | Noticed an elephant
  1131 | D        | Noticed an elephant
  1132 | D        | Noticed an elephant
  1135 | D        | Killed an elephant
  1145 | D        | Killed a dire elephant
  1145 | D        | Reached skill level 17 in Axes
  1440 | D        | Killed an elephant
  1449 | D        | Killed an elephant
  2370 | D        | Killed a dire elephant
  2370 | D        | Reached XP level 11. HP: 108/108 MP: 13/13
  2462 | D        | Reached skill level 18 in Axes
  2462 | D        | Reached skill level 15 in Armour
  2522 | D        | Reached skill level 1 in Stealth
  2568 | D        | Noticed Gastronok
  2582 | D        | Killed Gastronok
  2582 | D        | Reached skill level 15 in Shields
  2706 | D        | Noticed an ettin
  2929 | D        | Killed an ettin
  2929 | D        | Reached skill level 5 in Dodging
  3174 | D        | Noticed an orc knight
  3195 | D        | Killed an orc knight
  3269 | D        | Noticed an orc knight
  3284 | D        | Killed an orc knight
  3284 | D        | Reached skill level 19 in Axes
  3288 | D        | Reached skill level 15 in Fighting
  3291 | D        | Noticed an orc high priest
  3339 | D        | Killed an orc high priest
  3351 | D        | Noticed an orc high priest
  3357 | D        | Noticed a sun demon
  3361 | D        | Killed an orc high priest
  3588 | D        | Found Huefexug's Weapon Boutique.
  3588 | D        | Noticed a deep troll
  3588 | D        | Noticed a deep troll
  3588 | D        | Noticed a deep troll
  3588 | D        | Noticed an ogre mage
  3589 | D        | Noticed a deep troll
  3590 | D        | Noticed a deep troll
  3596 | D        | Killed an ogre mage
  3596 | D        | Reached XP level 12. HP: 79/121 MP: 14/14
  4542 | D        | Noticed an ogre mage
  4564 | D        | Killed an ogre mage
  4593 | D        | Found Arona's Armour Shop.
  4597 | D        | Found Yfant's Gadget Boutique.
  4601 | D        | Found Zeichina's Magic Scroll Shop.
  4629 | D        | Reached skill level 20 in Axes
  4737 | D        | Noticed Eustachio
  4747 | D        | Killed Eustachio
  5014 | D        | Noticed a rakshasa
  5021 | D        | Noticed a tengu warrior
  5036 | D        | Noticed a tengu warrior
  5044 | D        | Killed a rakshasa
  5050 | D        | Killed a tengu warrior
  5052 | D        | Noticed an ogre mage
  5076 | D        | Killed a tengu warrior
  5079 | D        | Killed an ogre mage
  5307 | D        | Noticed Nergalle
  5314 | D        | Killed Nergalle
  5424 | D        | Reached XP level 13. HP: 97/134 MP: 15/15
  5558 | D        | Noticed a merfolk impaler
  5588 | D        | Killed a merfolk impaler
  5857 | D        | Noticed an entropy weaver
  5871 | D        | Killed an entropy weaver
  5871 | D        | Reached skill level 21 in Axes
  6056 | D        | Noticed a thorn hunter
  6085 | D        | Killed a thorn hunter
  7157 | D        | Noticed Rupert
  7178 | D        | Killed Rupert
  7178 | D        | Reached skill level 22 in Axes
  7389 | D        | Noticed Harold
  7400 | D        | Killed Harold
  7437 | D        | Noticed a frost giant
  7438 | D        | Noticed a sphinx
  7446 | D        | Noticed a purple very ugly thing
  7451 | D        | Noticed a spriggan defender
  7454 | D        | Noticed a stone giant
  7864 | D        | Killed a frost giant
  8037 | D        | Paralysed by a sphinx for 7 turns
  8045 | D        | Killed a sphinx
  8045 | D        | Reached XP level 14. HP: 32/148 MP: 16/16
  8082 | D        | Killed a purple very ugly thing
  8082 | D        | Reached skill level 23 in Axes
  8128 | D        | Killed a spriggan defender
  8448 | D        | Killed a stone giant
  8465 | D        | Paralysed by a great orb of eyes for 7 turns
  8969 | D        | Noticed a lich
  8973 | D        | Noticed a stone giant
  8999 | D        | Killed a lich
  8999 | D        | Reached skill level 24 in Axes
  9008 | D        | Slain by a stone giant

Skill      XL: |  1  2  3  4  5  6  7  8  9 10 11 12 13 14 |
---------------+-------------------------------------------+-----
Shields        | 5 7 9 10 11 12 13 14 16 19 21 | 21.8
Axes           | 3 4 6 9 12 13 15 17 19 20 22 24 | 24.1
Fighting       | 4 5 7 9 10 11 12 13 15 17 20 21 | 21.4
Armour         | 4 6 8 10 11 12 13 14 17 18 20 | 20.7
Dodging        | 1 3 4 5 7 |  7.7
Evocations     | 1 3 4 |  4.7
Stealth        | 1 2 3 |  3.7

Action                   |  1- 3 |  4- 6 |  7- 9 | 10-12 | 13-15 || total
-------------------------+-------+-------+-------+-------+-------++-------
Melee: War axe           |    25 |    33 |    41 |   430 |    19 ||   548
       Headbutt          |     4 |     5 |     4 |    98 |    77 ||   188
       Broad axe         |       |       |       |       |   235 ||   235
       Executioner's axe |       |       |       |       |    78 ||    78
Evoke: Wand              |       |       |     8 |     2 |       ||    10
  Use: Potion            |     1 |       |     1 |     5 |     8 ||    15
       Scroll            |       |       |       |     1 |     2 ||     3
  Eat: Chunk             |       |       |       |    11 |     4 ||    15
       Ration            |       |       |       |     1 |     2 ||     3
Armor: Scale mail        |    11 |     2 |       |       |       ||    13
       Plate armour      |       |     7 |     9 |    60 |       ||    76
       Chain mail        |       |       |       |    28 |   143 ||   171
Dodge: Dodged            |     9 |     7 |     9 |    62 |    98 ||   185
Block: Shield            |    15 |    11 |    13 |   182 |   116 ||   337
